 Dungeon Crawl Stone Soup version 0.25-a0-583-g696c2ac64d (webtiles) character file.

Game seed: 11509241952110785413, levelgen mode: deterministic

55 Kohma the Changer (level 3, -6/23 HPs)
             Began as an Octopode Transmuter on Mar 8, 2020.
             Mangled by Sigmund
             ... wielding a +4 scythe of venom
              (16 damage)
             ... on level 2 of the Dungeon.
             The game lasted 00:03:12 (835 turns).

Kohma the Changer (Octopode Transmuter)              Turns: 835, Time: 00:03:13

Health: -6/23      AC:  5    Str:  9    XL:     3   Next: 93%
Magic:  3/7        EV: 19    Int: 16    God:
Gold:   66         SH:  0    Dex: 17    Spells: 1/7 levels left

rFire    . . .     SeeInvis .     - Unarmed
rCold    . . .     Gourm    .   (shield currently unavailable)
rNeg     . . .     Faith    .   (helmet currently unavailable)
rPois    x         Spirit   .   (no amulet)
rElec    .         Reflect  .   e - +3 ring of protection
rCorr    .         Harm     .   j - ring of attention (curse)
MR       .....                  (no ring)
Stlth    +.........             (no ring)
HPRegen  0.07/turn              (no ring)
MPRegen  0.10/turn              (no ring)
                                (no ring)
                                (no ring)

@: lethally poisoned (-6 -> -47), spider-form (expiring)
A: tiny, almost no armour, stealthy swim, (amphibious), 8 rings, (constrict 8)
a: End Transformation


You were on level 2 of the Dungeon.
You were not hungry.
You were a venomous arachnid creature.
You visited 1 branch of the dungeon, and saw 2 of its levels.

You collected 66 gold pieces.

Inventory:

Missiles
 a - 94 arrows
 h - 5 atropa-tipped darts (quivered)
Jewellery
 e - a +3 ring of protection (left front leg)
 j - a cursed ring of attention (right front leg)
Scrolls
 i - a scroll of teleportation
Potions
 b - a potion of mutation
 d - a potion of brilliance
 g - a potion of stabbing
Comestibles
 c - 4 rations
 f - 3 chunks of flesh


   Skills:
 - Level 1.0 Fighting
 - Level 2.0 Dodging
 - Level 3.0 Unarmed Combat
 + Level 2.6 Spellcasting
 * Level 3.5 Transmutations


You had one spell level left.
You knew the following spells:

 Your Spells              Type           Power        Failure   Level  Hunger
a - Beastly Appendage     Tmut           ##....       14%         1    #......
b - Sticks to Snakes      Tmut           ##......     19%         2    ##.....
c - Spider Form           Tmut/Pois      #.........   50%         3    ###....

Your spell library contained the following spells:

 Spells                   Type           Power        Failure   Level  Hunger
 Ice Form                 Ice/Tmut       #.......     85%         4    #####..
 Blade Hands              Tmut           ##........   90%         5    ######.


Dungeon Overview and Level Annotations

Branches:
Dungeon (2/15)

Altars:
Cheibriados

Annotations:
D:2 Sigmund


Innate Abilities, Weirdness & Mutations

You cannot wear most types of armour.
You are very stealthy in the water. (Stealth+)
((You are amphibious.))
You can wear up to eight rings at the same time.
((You can use your tentacles to constrict eight enemies at once.))
((Your skin changes colour to match your surroundings (Stealth+).))
((Your rubbery body absorbs attacks. (AC +1, EV +1)))


Message History

You hit the quokka.
You kill the quokka!
You bite the adder!
The adder is poisoned.
The adder is severely wounded.
The adder barely misses you. Something hits you.
You are lethally poisoned!
The adder misses you.
You hit the adder.
The adder looks as sick as possible!
The adder is almost dead.
Your transformation is almost over.
You feel sick.
You kill the adder!
You feel sick. Something hits you.
You are more poisoned.
You see here a quokka corpse.
You closely miss something.
You feel very sick. Something hits you!
Ouch! That really hurt!
You die...

>........###.### ###
.........##....## #
..............#.# #
.........##....##
..........##.#.# #
..........##.#.#
.............#.#
...............##########
...)......###.w{s.......#
###.#####.# #.#########.#
#..>....# #.# #########
#.# #.. ###


You could see a dart slug.

Vanquished Creatures
  Natasha (D:2)
  An adder (D:2)
  A dart slug (D:1)
  3 giant cockroaches (D:1)
  2 goblins (D:1)
  3 hobgoblins (D:1)
  2 jackals (D:2)
  A quokka (D:2)
  A bat (D:2)
  2 frilled lizards (D:1)
  A kobold (D:2)
  A rat (D:1)
19 creatures vanquished.

Notes
Turn   | Place    | Note
-------+----------+-------------------------------------------
     0 | D:1      | Kohma the Octopode Transmuter began the quest for the Orb.
     0 | D:1      | Reached XP level 1. HP: 13/13 MP: 3/3
   220 | D:1      | Reached XP level 2. HP: 12/18 MP: 5/5
   653 | D:1      | Found a snail-covered altar of Cheibriados.
   676 | D:2      | Noticed Natasha
   683 | D:2      | Killed Natasha
   683 | D:2      | Reached XP level 3. HP: 22/23 MP: 4/6
   687 | D:2      | Learned a level 2 spell: Sticks to Snakes
   691 | D:2      | Learned a level 3 spell: Spider Form
   809 | D:2      | Noticed Sigmund
   835 | D:2      | Mangled by Sigmund

Levels and vault maps discovered:
D:1:      dpeg_arrival_castle, layout_basic, cheibriados_altar_1
D:2:      layout_loops_ring, lemuel_round_altar,
          chequers_ecumenical_altar_grove, uniq_sigmund, uniq_natasha

Skill      XL: |  1  2 |
---------------+-------+-----
Transmutations | 3 |  3.5
Fighting       | |  1.0
Dodging        | |  2.0
Unarmed Combat | |  3.0
Spellcasting   | |  2.6

Action                   || total
-------------------------++-------
Melee: Unarmed           ||    49
       Constrict         ||    12
       Tentacles         ||     7
       Kick              ||     6
       Punch             ||     1
 Cast: Beastly Appendage ||     4
       Spider Form       ||     1
  Use: Scroll            ||     5
Armor: Skin              ||    11
Dodge: Dodged            ||    38

Table legend:
 A = Non-vault XP
 B = Vault XP
 C = Vault XP percentage of total XP
 D = Non-vault monster count
 E = Vault monster count
 F = Vault count percentage of total count
                 A         B        C        D         E       F
            +---------+---------+-------+---------+---------+-------
      Total |      44 |      35 |  44.3 |      18 |       1 |   5.3
            +---------+---------+-------+---------+---------+-------
        D:1 |      23 |       0 |   0.0 |      12 |       0 |   0.0
        D:2 |      21 |      35 |  62.5 |       6 |       1 |  14.3
            +---------+---------+-------+---------+---------+-------
